Map: Prion Terraces

Players

IStealYoGirl - Winner!

  • Race: Terran Terran
  • League: Silver
  • Spawn Location: 5:00

Fropez

  • Race: Protoss Protoss
  • League: Silver
  • Spawn Location: 11:00

VOD

Have the link to the VOD?

Description

Time

  • Played on: May 6, 2016, 10:35 a.m.
  • Length: 10:55
Show
View Real Time Build Order
Export as new Build Order

IStealYoGirl Terran - Winner!

Build Orders: MMM Bio 

Get SALT Encoding   

  12  0:03  SCV  
  13  0:15  SCV  
  14  0:27  SCV  
  15  0:32  Supply Depot  
  15  0:49  Refinery  
  15  0:54  SCV  
  15  0:55  Barracks  
  16  1:06  SCV  
  16  1:11  Barracks  
  17  1:18  SCV  
  18  1:30  SCV  
  19  1:42  SCV  
  19  1:46  Marine  
  21  1:47  Supply Depot  
  21  1:56  Orbital Command  
  21  1:59  Marine  
  22  2:01  Barracks  
  22  2:04  Marine  
  23  2:10  Refinery  
  23  2:13  Supply Depot  
  23  2:17  Marine  
  23  2:22  Marine  
  25  2:24  SCV  
  26  2:35  Marine  
  26  2:36  SCV  
  28  2:39  Engineering Bay  
  28  2:40  Marine  
  29  2:48  SCV  
  30  2:53  Marine  
  30  2:56  Factory  
  31  3:00  SCV  
  31  3:02  Marine  
  31  3:03  Marine  
  34  3:11  Marine, Supply Depot  
  35  3:20  Marine  
  35  3:21  Marine  
  37  3:27  SCV  
  38  3:34  Supply Depot  
  38  3:35  Terran Infantry Weapons Level 1  
  38  3:39  Marine  
  39  3:42  Factory Tech Lab  
  39  3:46  Barracks Tech Lab  
  39  3:48  Factory  
  39  3:51  Marine  
  40  3:57  Marine, SCV  
  40  4:01  Siege Tank  
  45  4:08  Marine  
  46  4:14  Combat Shields  
  46  4:16  Marine, Marauder  
  49  4:26  Marine  
  50  4:34  Marine, Factory Tech Lab  
  50  4:36  Factory Reactor  
  51  4:42  Supply Depot  
  51  4:44  Supply Depot  
  51  4:49  Marine x2  
  51  4:52  Marine, SCV  
  55  5:07  Marine x2  
  55  5:11  Marine  
  58  5:24  Marine  
  58  5:25  Marine  
  42  5:51  Marine x2  
  42  5:52  Marine  
  35  6:09  Marine x3  
  38  6:11  Siege Tank  
  38  6:13  Hellion x2  
  38  6:14  Command Center  
  38  6:16  Terran Infantry Armor Level 1  
  45  6:18  Stimpack  
  45  6:27  Marine x3  
  48  6:45  Marine x3  
  51  6:51  SCV  
  52  6:57  Hellion  
  54  7:02  Starport  
  54  7:12  Barracks Reactor  
  54  7:16  Siege Tank  
  54  7:17  Hellion  
  54  7:18  Hellion  
  61  7:29  Barracks Reactor, Marauder  
  63  7:38  Orbital Command  
  63  7:40  Refinery  
  63  7:47  Hellion x2  
  63  7:50  Marine  
  68  7:53  Refinery  
  68  8:02  SCV  
  68  8:04  Marine x2  
  71  8:06  Marine x2  
  71  8:07  Marine, Medivac  
  71  8:12  Infernal Pre-Igniter  
  76  8:14  SCV  
  77  8:22  Marine x2  
  77  8:23  Marine  
  77  8:25  Marine  
  81  8:36  Hellion x2  
  81  8:37  Marine, Armory  
  86  8:47  Marine x3  
  86  8:48  Marauder  
  91  8:54  Supply Depot  
  91  8:57  Marine  
  92  9:05  Marine x2  
  57  9:33  Marine x3  
  57  9:34  Marine x2  
  59  9:51  Marine x4  
  55  9:55  Marine  
  50  10:09  Marine x4  
  44  10:29  Marine x5  
Show
View Real Time Build Order
Export as new Build Order

Fropez Protoss 

Build Orders: 1 Gate Expand 

Get SALT Encoding   

  12  0:03  Probe (Chrono Boost)  
  13  0:22  Pylon  
  13  0:23  Probe (Chrono Boost)  
  14  0:41  Gateway  
  14  0:47  Pylon  
  14  0:59  Probe (Chrono Boost)  
  14  1:00  Assimilator  
  15  1:24  Nexus  
  15  1:29  Assimilator  
  15  1:35  Zealot  
  17  1:45  Pylon  
  17  1:50  Probe (Chrono Boost)  
  18  2:05  Cybernetics Core  
  18  2:09  Probe (Chrono Boost)  
  19  2:19  Probe (Chrono Boost)  
  20  2:30  Probe (Chrono Boost)  
  21  2:39  Pylon  
  21  2:40  Probe (Chrono Boost)  
  22  2:47  Probe (Chrono Boost)  
  23  2:58  Mothership Core (Chrono Boost)  
  25  3:01  Warp Gate (Chrono Boost)  
  25  3:14  Probe (Chrono Boost)  
  25  3:15  Pylon  
  25  3:19  Probe (Chrono Boost)  
  27  3:24  Probe (Chrono Boost)  
  28  3:29  Probe (Chrono Boost)  
  29  3:38  Probe (Chrono Boost)  
  29  3:40  Robotics Facility  
  30  3:46  Probe  
  31  3:50  Stalker  
  31  3:53  Assimilator  
  33  3:55  Assimilator  
  33  4:00  Pylon, Probe  
  34  4:08  Probe  
  35  4:20  Zealot  
  37  4:29  Immortal (Chrono Boost)  
  41  4:37  Probe x2  
  42  4:40  Pylon x2  
  43  4:49  Probe  
  43  4:50  Probe  
  49  5:07  Immortal (Chrono Boost)  
  49  5:10  Gateway  
  49  5:15  Pylon  
  49  5:16  Stalker  
  49  5:19  Probe  
  49  5:20  Probe  
  52  5:46  Zealot  
  48  6:02  Probe  
  48  6:03  Probe  
  50  6:17  Nexus  
  50  6:18  Probe  
  50  6:19  Probe, Assimilator  
  50  6:23  Assimilator, Immortal (Chrono Boost)  
  56  6:26  Pylon  
  56  6:27  Pylon  
  56  6:29  Probe  
  56  6:31  Pylon  
  56  6:32  Probe  
  58  6:38  Pylon  
  58  6:40  Zealot  
  58  6:41  Zealot  
  62  6:48  Pylon  
  62  6:51  Probe x2  
  64  6:57  Immortal (Chrono Boost)  
  64  7:00  Stargate  
  68  7:02  Probe  
  68  7:03  Probe  
  70  7:11  Zealot x2  
  70  7:12  Probe  
  75  7:15  Probe  
  75  7:17  Pylon  
  76  7:23  Probe  
  77  7:31  Observer (Chrono Boost)  
  78  7:39  Probe x2  
  78  7:40  Probe  
  81  7:47  Stalker x2  
  81  7:49  Warp Prism (Chrono Boost)  
  81  7:50  Probe  
  87  7:55  Twilight Council  
  87  7:56  Oracle  
  91  8:02  Probe  
  91  8:03  Probe x2  
  94  8:21  Zealot x2  
  94  8:27  Observer (Chrono Boost)  
  99  8:32  Oracle  
  102  8:36  Forge, Probe x2  
  102  8:39  Forge  
  104  8:41  Charge  
  104  8:42  Probe  
  104  8:46  Immortal (Chrono Boost)  
  109  8:57  Pylon  
  109  8:59  Pylon  
  109  9:07  Oracle  
  85  9:26  Zealot x2  
  77  9:37  Photon Cannon  
  72  9:38  Photon Cannon  
  72  9:40  Pylon  
  61  10:03  Immortal (Chrono Boost)  
  61  10:04  Zealot  
  61  10:05  Zealot  
  64  10:10  Dark Shrine  
  64  10:13  Probe  
  61  10:19  Gateway  
  59  10:28  Zealot  
  57  10:37  Photon Cannon  
  57  10:39  Photon Cannon  
  57  10:40  Pylon  
Tags
 
Composition
MMM Bio
Matchup
PvT
Replay Pack
All Mines
Spawn Locations
Cross Positions
Add a new tag
Caveats
  • Supply blocks, unpowered buildings, or Contaminate may cause inaccurate times.
  • Supply counts are checked every 10 seconds.